[Event "*** SCC Grand Prix: Titled Tuesday Blitz"]
[Site "Chess.com"]
[Date "2020.06.02"]
[Round "4"]
[White "Pomegranate988"]
[Black "Rakesh"]
[Result "0-1"]
[WhiteElo "2537"]
[BlackElo "2348"]
[TimeControl "180+1"]
[EndTime "10:40:44 PDT"]
[Termination "Rakesh won on time"]

1. Nf3 c5 2. g3 d5 3. Bg2 Nc6 4. d4 Nf6 5. O-O Bg4 6. Ne5 Bh5 7. Nxc6 bxc6 8. dxc5 e5 9. c4 Bxc5 10. cxd5 cxd5 11. Nc3 O-O 12. Nxd5 Nxd5 13. Qxd5 Qxd5 14. Bxd5 Bxe2 15. Re1 Rad8 16. Rxe2 Rxd5 17. Bd2 f6 18. b4 Bd4 19. Rc1 Rfd8 20. Be1 Kf7 21. Kg2 Ke6 22. g4 g6 23. f4 h5 24. gxh5 gxh5 25. Bg3 Rg8 26.
Kh3 Rg4 27. fxe5 fxe5 28. Rc7 Bb6 29. Rh7 Rg5 30. a4 Rf5 31. a5 Bd4 32. Rc2 Rb5 33. Be1 Kd5 34. Kh4 Ke4 35. Rxh5 Rxh5+ 36. Kxh5 Kd3 37. Rg2 e4+ 38. Kg6 e3 39. h4 Bc3 40.
Bg3 Rxb4 41. h5 e2 42. Bf2 Rf4 43. Bg3 Rg4+ 44. Kf5 e1=Q 45. Bxe1 Rxg2 46. Bxc3 Kxc3 47. h6 Kb4 48. a6 Kb5 49. h7 Rh2 0-1

[Event "*** SCC Grand Prix: Titled Tuesday Blitz"]
[Site "Chess.com"]
[Date "2020.06.02"]
[Round "4"]
[White "Jungle_Jaguar"]
[Black "saraswathii"]
[Result "0-1"]
[WhiteElo "2594"]
[BlackElo "2368"]
[TimeControl "180+1"]
[EndTime "10:40:44 PDT"]
[Termination "saraswathii won by resignation"]

1. e4 c5 2. Nf3 e6 3. d4 cxd4 4. Nxd4 Nf6 5. Nc3 Nc6 6. Be3 Bb4 7. Bd3 d5 8. Nxc6 bxc6 9. exd5 exd5 10. Bd4 O-O 11. O-O Be6 12. Ne2 Bd6 13. Ng3 c5 14. Be3 Ng4 15. Be2 Nxe3 16. fxe3 Qg5 17. Qe1 Qxe3+ 18.
Kh1 Rfe8 19. Rf3 Qe5 20. Bb5 Reb8 21. Bc6 Qxb2 22. Bxa8 Rxa8 23. Nf5 Bc7 24. Ne3 Qe5 25. Nf1 Qd6 26. c3 h6 27. Qh4 Rb8 28. Rd1 Qd7 29. Ne3 Rb2 30. a4 Be5 31. Nxd5 Bxd5 32. Rfd3 Bxg2+ 33. Kg1 Qc7 34. Rd8+ Kh7 35. R8d7 Bxh2+ 36. Qxh2 Qxh2+ 37. Kxh2 Bf3+ 38. Kg3 Bxd1 39. Rxd1 Rb3 40. Rd7 Rxc3+ 41. Kf4 Rc4+ 42. Ke5 Rxa4 43. Rxf7 c4 44. Kd4 Kg6 45. Rc7 h5 46. Rc5 h4 47. Re5 Kf6 48. Rh5 g5 49. Ke4 c3+ 50. Kd3 Ra3 51. Ke4 c2 52.
Rh6+ Kg7 53. Rc6 Ra2 54. Kf5 h3 55. Kxg5 Kf7 56. Rf6+ Ke7 57. Rf1 h2 58. Kg4 Rb2 59.
Rc1 Rb1 0-1

[Event "*** SCC Grand Prix: Titled Tuesday Blitz"]
[Site "Chess.com"]
[Date "2020.06.02"]
[Round "4"]
[White "Olga_Zhuravleva"]
[Black "suyu28"]
[Result "0-1"]
[WhiteElo "2259"]
[BlackElo "2584"]
[TimeControl "180+1"]
[EndTime "10:40:45 PDT"]
[Termination "suyu28 won on time"]

1. e4 e5 2. Nf3 Nc6 3. Bc4 Bc5 4. O-O Nf6 5. d3 O-O 6. c3 a6 7. b4 Ba7 8. a4 d6 9. h3 Ne7 10. Be3 Ng6 11. Qb3 c6 12. Qc2 d5 13. Bb3 h6 14.
Nbd2 d4 15. cxd4 exd4 16. Bxh6 gxh6 17. e5 Nd5 18. Ne4 Kg7 19. Qd2 f5 20. exf6+ Nxf6 21. Ng3 Bb8 22. Rae1 Bf4 23. Qc2 Qd6 24. Ne4 Nxe4 25.
Rxe4 Bf5 26. Rxd4 Qc7 27. b5 axb5 28. axb5 Rad8 29. Rxd8 Rxd8 30. bxc6 Qxc6 31. Qb2+ Qf6 32. Qa2 Rxd3 33. Re1 Rd8 34. Qa7 Qa6 35. Qc5 Qf6 36.
Bd5 b6 37. Qb5 Bd7 38. Qc4 Bd6 39. Be4 Nf4 40. Nd4 Qg5 41. h4 Qf6 42. Nf3 Bc5 43.
Bc2 Be6 44. Rxe6 Nxe6 45. Qg4+ Kf8 46. Qh5 Ng7 47. Qg4 Qa1+ 48. Kh2 Qf6 49. g3 Bd6 50. Kg2 Bc5 51. Qc4 Qf7 0-1

[Event "*** SCC Grand Prix: Titled Tuesday Blitz"]
[Site "Chess.com"]
[Date "2020.06.02"]
[Round "4"]
[White "CMS13"]
[Black "ketster"]
[Result "1/2-1/2"]
[WhiteElo "2223"]
[BlackElo "2419"]
[TimeControl "180+1"]
[EndTime "10:40:45 PDT"]
[Termination "Game drawn - insufficient material"]

1. e4 e5 2. Bc4 Nf6 3. Nc3 Nxe4 4. Qh5 Nd6 5. Qxe5+ Qe7 6. Qxe7+ Bxe7 7. Bb3 Nf5 8. Nge2 c6 9. O-O O-O 10. d3 d5 11. Bf4 Nd7 12. Ng3 Nc5 13. Nxf5 Bxf5 14. Rfe1 Nxb3 15. axb3 Bf6 16. Be5 Bxe5 17. Rxe5 Be6 18.
f4 g6 19. Ne2 Rfe8 20. Nd4 Bd7 21. Rae1 Kf8 22. Kf2 f6 23. R5e3 Rxe3 24. Rxe3 Re8 25.
b4 b6 26. c4 Rxe3 27. Kxe3 Ke7 28. c5 Be8 29. g4 Kd7 30. g5 fxg5 31. fxg5 Kc7 32. Kf4 a5 33. Ne6+ Kb7 34. bxa5 bxa5 35. Nf8 Ka6 36. Nxh7 Kb5 37. d4 Kc4 38. Ke5 Kb3 39.
Nf6 Kxb2 40. Nxe8 a4 41. Kd6 a3 42. Kxc6 a2 43. Kd7 a1=Q 44. c6 Qa4 45. Kd6 Qxd4 46. c7 Qc4 47. Kd7 d4 48. c8=Q Qxc8+ 49. Kxc8 d3 50.
Nd6 Kc3 51. Ne4+ Kd4 52. Nd2 Ke3 53. Nc4+ Kf4 54. h4 Kg4 55. Kd7 Kxh4 56. Ke6 Kxg5 57.
Ke5 Kg4 58. Ke4 g5 59. Kxd3 Kg3 60. Ne3 g4 61. Nxg4 1/2-1/2

[Event "*** SCC Grand Prix: Titled Tuesday Blitz"]
[Site "Chess.com"]
[Date "2020.06.02"]
[Round "4"]
[White "Ranindu2003"]
[Black "EugeneRougon"]
[Result "0-1"]
[WhiteElo "2465"]
[BlackElo "2658"]
[TimeControl "180+1"]
[EndTime "10:40:47 PDT"]
[Termination "EugeneRougon won by resignation"]

1. e4 d6 2. d4 Nf6 3. Nc3 g6 4. f4 Bg7 5. Nf3 O-O 6. e5 dxe5 7. fxe5 Nd5 8. Bc4 Be6 9. Bxd5 Bxd5 10. Nxd5 Qxd5 11. Qe2 Nc6 12. c4 Qd7 13. d5 Nd8 14. O-O b5 15. b3 bxc4 16. bxc4 c6 17. Rd1 cxd5 18. cxd5 Rb8 19. Ba3 Re8 20. Rac1 Qa4 21.
Rc3 f6 22. e6 f5 23. Rcd3 Nb7 24. Ne5 Na5 25. Kh1 Nc4 26. Nxc4 Qxc4 27. Qe3 Qxa2 28. d6 exd6 29. Bxd6 Rb1 30. e7 Qa1 31. Qe1 Rxd1 32. Rxd1 Qf6 33. Qb4 Qe6 34. Re1 Qd5 35. h3 Kf7 36.
Qa3 a5 37. Qc5 Qxc5 38. Bxc5 Bf6 39. Bd6 Bxe7 40. Bc7 Bb4 41. Ra1 Re1+ 42. Rxe1 Bxe1 43. Kg1 Bb4 44. Kf1 a4 45. Be5 a3 46. Ke2 Be7 47.
Ba1 Bf6 48. Bxf6 Kxf6 0-1

[Event "*** SCC Grand Prix: Titled Tuesday Blitz"]
[Site "Chess.com"]
[Date "2020.06.02"]
[Round "4"]
[White "Mikasinski"]
[Black "LileKoridze"]
[Result "1/2-1/2"]
[WhiteElo "2473"]
[BlackElo "2313"]
[TimeControl "180+1"]
[EndTime "10:40:47 PDT"]
[Termination "Game drawn by repetition"]

1. e4 c5 2. Nf3 d6 3. d4 cxd4 4. Nxd4 Nf6 5. Nc3 Nc6 6. Bg5 e6 7. Qd2 a6 8. O-O-O Bd7 9. f4 b5 10. Bxf6 gxf6 11. Nxc6 Bxc6 12. Qe1 h5 13. Kb1 b4 14.
Nd5 Bh6 15. Nxb4 Bb5 16. Bxb5+ axb5 17. g3 Ra4 18. a3 Bf8 19. Qc3 d5 20. Qc6+ Qd7 21.
exd5 Bxb4 22. Qxd7+ Kxd7 23. dxe6+ Kxe6 24. axb4 Rxb4 25. Rhe1+ Kf5 26. h3 Ra8 27. Rd5+ Kg6 28. b3 f5 29.
Kb2 f6 30. c3 Re4 31. Rxe4 fxe4 32. Rxb5 Rd8 33. Kc2 e3 34. Rb7 Rd2+ 35. Kc1 Rg2 36. Re7 Rxg3 37. b4 Rxh3 38. b5 Rh1+ 39. Kc2 Rh2+ 40.
Kb3 e2 41. b6 Rh1 42. Rxe2 Rd1 43. c4 h4 44. c5 h3 45. b7 Rb1+ 46. Rb2 Rxb2+ 47. Kxb2 h2 48. b8=Q h1=Q 49. Qg8+ Kf5 50. Qc4 Qb7+ 51. Kc3 Qc7 52. Qd5+ Kg6 53. f5+ Kg5 54.
Kc4 Qf4+ 55. Kb5 Qb8+ 56. Kc6 Qc8+ 57. Kd6 Qd8+ 58. Ke6 Qe8+ 59. Kd6 Qd8+ 60. Kc6 Qa8+ 61. Kd6 Qd8+ 1/2-1/2

[Event "*** SCC Grand Prix: Titled Tuesday Blitz"]
[Site "Chess.com"]
[Date "2020.06.02"]
[Round "4"]
[White "IwkooO"]
[Black "Maxim_e2e4"]
[Result "1-0"]
[WhiteElo "2561"]
[BlackElo "2332"]
[TimeControl "180+1"]
[EndTime "10:40:48 PDT"]
[Termination "IwkooO won on time"]

1. e4 e5 2. Nf3 Nc6 3. Bb5 a6 4. Ba4 Nf6 5. O-O Be7 6. Re1 b5 7. Bb3 d6 8. c3 O-O 9. h3 Na5 10. Bc2 c5 11. d4 Qc7 12. Nbd2 Bd7 13. d5 c4 14. Nf1 Nb7 15. g4 Nc5 16. Ng3 Nxg4 17.
hxg4 Bxg4 18. Kg2 g6 19. Bh6 f5 20. Bxf8 Rxf8 21. exf5 gxf5 22. Qd2 Bd8 23. Nh2 Qg7 24.
Nxg4 Qxg4 25. Qe2 Qg7 26. Rh1 e4 27. Rag1 f4 28. Bxe4 fxg3 29. Bxh7+ Qxh7 30. Rxh7 Rxf2+ 31. Qxf2 gxf2 32. Rgh1 Bf6 33. Kxf2 Nd3+ 34. Kf3 Nxb2 35. Ra7 Bxc3 36. Rg1+ Kf8 37. Ke4 Nd3 38. Rf1+ Ke8 39. Kf5 Nc5 40. Rg1 Kf8 41. Rg6 Be5 42. Rg2 c3 43. a3 Bd4 44. Ra8+ Ke7 45. Rh2 Kf7 46. Rh7+ Bg7 47. Ra7+ Kf8 48. Raxg7 c2 49. Rg1 Nd3 50.
Ra7 c1=Q 51. Rxc1 Nxc1 52. Rxa6 Ne2 53. Rxd6 Nc3 54. Kf6 Ke8 55. Re6+ Kd7 56. Ke5 Nb1 57. Ra6 Nd2 58. Ra7+ Kc8 59. Kd6 Nc4+ 60. Kc6 1-0

[Event "*** SCC Grand Prix: Titled Tuesday Blitz"]
[Site "Chess.com"]
[Date "2020.06.02"]
[Round "4"]
[White "Moon_stone123"]
[Black "not_najdorfs_player"]
[Result "1-0"]
[WhiteElo "2477"]
[BlackElo "2304"]
[TimeControl "180+1"]
[EndTime "10:40:48 PDT"]
[Termination "Moon_stone123 won by resignation"]

1. e4 c5 2. Nf3 d6 3. Nc3 Nc6 4. d4 cxd4 5. Nxd4 Nf6 6. Bg5 e6 7. Qd2 a6 8. O-O-O Bd7 9. f4 b5 10. a3 Qb6 11. Bxf6 gxf6 12. Nxc6 Bxc6 13. f5 e5 14. Kb1 Rc8 15. Be2 h5 16. h4 Qc5 17.
Bf3 Bb7 18. Qe2 Qb6 19. Rd3 a5 20. Nd5 Bxd5 21. Rxd5 Rc5 22. Rhd1 Rc4 23. Bxh5 Rxh5 24. Qxh5 Rxe4 25. Qf3 Rxh4 26. Qd3 Rc4 27. b3 Rc5 28.
Rxc5 Qxc5 29. Qd5 Qb6 30. Qa8+ Ke7 31. Qd5 Bh6 32. g4 Be3 33. c4 bxc4 34. Qxc4 Bc5 35. Kb2 Qb7 36. Rd2 Qb6 37. Qd5 Bd4+ 38. Kc2 Bc5 39.
Qc4 Bxa3 40. g5 fxg5 41. f6+ Ke8 42. Qc8+ Qd8 43. Qc6+ Qd7 44. Qa8+ Qd8 45. Qd5 Qc7+ 46. Kd1 Qc5 47. Qa8+ Kd7 48. Qb7+ Kd8 49. Qe7+ Kc8 50. Qf8+ Kb7 51. Qxf7+ Ka6 52. Qc4+ Qxc4 53. bxc4 g4 54. f7 d5 55. cxd5 Bd6 56. Rg2 Kb6 57. Rxg4 Kc5 58. Rg8 Kxd5 59. f8=Q Bxf8 60. Rxf8 Kd4 61. Ra8 e4 62.
Rxa5 Ke3 63. Ke1 1-0

[Event "*** SCC Grand Prix: Titled Tuesday Blitz"]
[Site "Chess.com"]
[Date "2020.06.02"]
[Round "4"]
[White "Vuk2000"]
[Black "Ceejay271"]
[Result "0-1"]
[WhiteElo "2631"]
[BlackElo "2414"]
[TimeControl "180+1"]
[EndTime "10:40:49 PDT"]
[Termination "Ceejay271 won on time"]

1. e4 c5 2. g3 d5 3. exd5 Qxd5 4. Nf3 Bg4 5. Bg2 Qe6+ 6. Kf1 Nf6 7. h3 Bh5 8. d3 Nc6 9. Be3 Qd6 10. Nbd2 Nd5 11.
Bg5 e6 12. Ne4 Qc7 13. a3 Be7 14. Qc1 h6 15. Bxe7 Qxe7 16. Nc3 Nxc3 17. bxc3 O-O 18. Qf4 Rac8 19. Re1 Rfd8 20. g4 Bg6 21. c4 Nd4 22. Nxd4 Rxd4 23. Be4 Rcd8 24. Qf3 Bxe4 25. Rxe4 Rxe4 26. Qxe4 Rd4 27. Qe5 b6 28. Kg2 Qd6 29. Qxd6 Rxd6 30. f4 Kf8 31. Kf3 f5 32. a4 Kf7 33. Rb1 Kf6 34. a5 g5 35. fxg5+ hxg5 36. a6 Rd7 37. Rh1 Rh7 38. Kg3 f4+ 39. Kf3 e5 40.
Ke4 Ke6 41. Rh2 Rh8 42. Kf3 Rh7 43. Rh1 Rh4 44. Kg2 e4 45. dxe4 Ke5 46. Rd1 Kxe4 47.
Rd7 Rh6 48. Rxa7 Rf6 49. Re7+ Kd4 50. a7 Rf8 51. h4 f3+ 52. Kf2 gxh4 53. g5 h3 54. Rh7 Ra8 55. g6 h2 56. g7 Kxc4 0-1

[Event "*** SCC Grand Prix: Titled Tuesday Blitz"]
[Site "Chess.com"]
[Date "2020.06.02"]
[Round "4"]
[White "Witik"]
[Black "ferdipy"]
[Result "1-0"]
[WhiteElo "2574"]
[BlackElo "2341"]
[TimeControl "180+1"]
[EndTime "10:40:49 PDT"]
[Termination "Witik won by resignation"]

1. e4 e6 2. d4 d5 3. Nc3 Bb4 4. e5 c5 5. a3 Bxc3+ 6. bxc3 Ne7 7. Qg4 Qc7 8. Qxg7 Rg8 9. Qxh7 cxd4 10. Ne2 Nbc6 11. f4 dxc3 12. Qd3 Bd7 13. Rb1 Na5 14. Qxc3 Qxc3+ 15. Nxc3 Rc8 16. Nb5 Rxc2 17. Nd6+ Kf8 18. Bd2 Nec6 19. Nxb7 Nc4 20. Bxc4 dxc4 21. Nc5 Ke7 22.
Rb7 Rd8 23. g3 Ke8 24. Be3 c3 25. O-O Na5 26. Rc7 Bb5 27. Re1 Nc4 28. Bc1 a6 29. Ne4 Rd3 30. f5 Nxe5 31. Nf6+ Kd8 32. Rxe5 Kxc7 33.
Bf4 Rd1+ 34. Re1+ e5 35. Bxe5+ Kc6 36. Rxd1 Rd2 37. Rc1 c2 38. Bf4 Re2 39. Ng4 Bd3 40. Ne3 Kc5 41. h4 Kd4 42. h5 Bxf5 43. Nxf5+ Ke4 44.
Nh4 f5 45. Ng2 Kd3 46. h6 Re8 47. Kf2 Rh8 48. Nh4 Re8 49. Nxf5 Re2+ 50. Kf3 a5 51. Kg4 a4 52. h7 Rh2 53. Bh6 Rxh6 54. Nxh6 Kd2 55.
Rxc2+ Kxc2 56. h8=Q Kb3 57. Qa1 1-0

[Event "*** SCC Grand Prix: Titled Tuesday Blitz"]
[Site "Chess.com"]
[Date "2020.06.02"]
[Round "4"]
[White "AlexSuv"]
[Black "MateSchmate"]
[Result "1-0"]
[WhiteElo "2659"]
[BlackElo "2394"]
[TimeControl "180+1"]
[EndTime "10:40:52 PDT"]
[Termination "AlexSuv won on time"]

1. d4 c5 2. d5 e5 3. Nc3 d6 4. e4 g6 5. Bb5+ Bd7 6. a4 Bg7 7. Nf3 Ne7 8. O-O O-O 9. Nd2 f5 10. Bxd7 Nxd7 11. Nc4 Nf6 12. f3 a6 13. a5 f4 14. Ra3 g5 15. Rb3 Rb8 16. Bd2 h5 17.
Be1 Ng6 18. Rb6 Ne8 19. b4 cxb4 20. Rxb4 Qd7 21. Nb6 Qe7 22. Qe2 Nf6 23. Nca4 g4 24.
c4 Rfd8 25. Bf2 g3 26. hxg3 fxg3 27. Bxg3 h4 28. Bh2 Nh5 29. Rc1 Qg5 30. Rcb1 Ngf4 31. Bxf4 Nxf4 32. Qf1 Qg3 33. R1b2 Bh6 34. R4b3 Kh8 35.
c5 h3 36. c6 Nxg2 37. Kh1 Bf4 38. Qg1 bxc6 39. dxc6 Rg8 40. c7 Rbf8 41. c8=Q Rxc8 42. Nxc8 Rxc8 43. Rb8 Rxb8 44. Rxb8+ Kh7 45. Rb3 h2 46. Qf1 Ne3 47. Rxe3 Bxe3 48. Qg2 Qe1+ 49. Kxh2 Bf4+ 50.
Kh3 Kh6 51. Nb6 Qxa5 52. Nd5 Qe1 53. Ne7 Qg3+ 54. Qxg3 Bxg3 55. Kxg3 a5 56. Nd5 Kg5 57. Kf2 a4 58. Ke3 a3 59. Nc3 Kh4 60. f4 exf4+ 61. Kxf4 Kh5 62. Kf5 Kh6 63. Ke6 Kg5 64. Kxd6 Kf4 65. e5 Ke3 66. e6 Kd4 67. Nb5+ 1-0

[Event "*** SCC Grand Prix: Titled Tuesday Blitz"]
[Site "Chess.com"]
[Date "2020.06.02"]
[Round "4"]
[White "Kopytkin"]
[Black "starplatinum2030"]
[Result "1-0"]
[WhiteElo "2313"]
[BlackElo "2082"]
[TimeControl "180+1"]
[EndTime "10:40:52 PDT"]
[Termination "Kopytkin won by checkmate"]

1. e4 c5 2. d4 cxd4 3. c3 d5 4. exd5 Qxd5 5. cxd4 e6 6. Nf3 Nf6 7. Nc3 Qd6 8. Bd3 Be7 9. O-O Nc6 10. Re1 O-O 11. Bg5 h6 12. Be3 a6 13. Rc1 b5 14.
Bb1 Bb7 15. a3 Rfd8 16. Qd2 Rac8 17. Bxh6 Nxd4 18. Nxd4 Qxd4 19. Qxd4 Rxd4 20. Be3 Rdd8 21. Red1 Ng4 22. Bb6 Bg5 23. Rxd8+ Bxd8 24. Bxd8 Rxd8 25.
Rd1 Rxd1+ 26. Nxd1 Ne5 27. f3 Kf8 28. Kf2 Ke7 29. Ne3 Kd6 30. h4 a5 31. h5 b4 32.
axb4 axb4 33. f4 Nd7 34. g4 Nf6 35. Kg3 Ne4+ 36. Kh4 f6 37. g5 fxg5+ 38. fxg5 Ke5 39. Nc4+ Kd4 40. Bxe4 Bxe4 41. Nd6 Bb1 42. Ne8 e5 43. Nxg7 e4 44. Nf5+ Ke5 45. Ne3 Kf4 46. Nd5+ Kf5 47.
g6 e3 48. Nxe3+ Kf6 49. Nd5+ Kg7 50. Nxb4 Be4 51. Na2 Bd5 52. Nc3 Kh6 53. Nxd5 Kg7 54. Ne3 Kh6 55. Ng4+ Kg7 56. Kg5 Kh8 57. h6 Kg8 58. b4 Kh8 59. b5 Kg8 60. b6 Kf8 61. Kf6 Ke8 62. Ke6 Kd8 63. Kd6 Kc8 64. Kc6 Kb8 65. h7 Ka8 66. h8=Q# 1-0

[Event "*** SCC Grand Prix: Titled Tuesday Blitz"]
[Site "Chess.com"]
[Date "2020.06.02"]
[Round "4"]
[White "OhanyanEminChess"]
[Black "Lagmantr"]
[Result "1-0"]
[WhiteElo "2432"]
[BlackElo "2612"]
[TimeControl "180+1"]
[EndTime "10:40:55 PDT"]
[Termination "OhanyanEminChess won by checkmate"]

1. e4 c6 2. d4 d5 3. Nc3 dxe4 4. Nxe4 Nf6 5. Nxf6+ exf6 6. Bd3 Bd6 7. Qh5 Nd7 8.
Ne2 Nf8 9. c3 Ng6 10. Be3 O-O 11. O-O-O Be6 12. c4 b5 13. d5 cxd5 14. cxd5 Bd7 15.
Kb1 b4 16. Nd4 Ba4 17. b3 Bd7 18. Nf5 Be5 19. f4 Bc3 20. Qf3 Re8 21. h4 Rc8 22. h5 Bxf5 23. Bxf5 Nf8 24. Bxc8 Qxc8 25. Bd4 Nd7 26. Qd3 Nc5 27. Bxc5 Qxc5 28. d6 Rd8 29. d7 Qc6 30. Qd5 Qb6 31. Qe4 h6 32. Qe8+ Kh7 33.
Qe4+ f5 34. Qxf5+ Kg8 35. Qe4 Qf2 36. Qe8+ Kh7 37. Qe4+ g6 38. hxg6+ Kg7 39. Qc2 Qxf4 40. gxf7 Qxf7 41. Rhf1 Qe6 42. Rf3 Rxd7 43. Rxd7+ Qxd7 44. Qd3 Qe6 45. Rg3+ Kh8 46. Re3 Qf6 47. Rf3 Qe6 48. Rf1 Kg7 49. Qf5 Qe2 50. Qf7+ Kh8 51. Qf8+ Kh7 52.
Rf7+ Kg6 53. Qg8+ Kh5 54. Rf5+ Kh4 55. Rf4+ Kh5 56. Qf7+ Kg5 57. Qf5# 1-0

[Event "*** SCC Grand Prix: Titled Tuesday Blitz"]
[Site "Chess.com"]
[Date "2020.06.02"]
[Round "4"]
[White "1977Ivan"]
[Black "manmanlai1"]
[Result "0-1"]
[WhiteElo "2584"]
[BlackElo "2378"]
[TimeControl "180+1"]
[EndTime "10:40:56 PDT"]
[Termination "manmanlai1 won on time"]

1. e4 c5 2. Nf3 e6 3. d4 cxd4 4. Nxd4 a6 5. c4 Qc7 6. Nc3 Nf6 7. Be2 d6 8. O-O Nbd7 9. f4 g6 10. Kh1 Bg7 11. b4 O-O 12. Bb2 b6 13. Rc1 Bb7 14. Bf3 Rac8 15. Nd5 exd5 16. cxd5 Qb8 17. Nc6 Qa8 18. e5 Nxd5 19. Qxd5 Bxc6 20. Rxc6 Rxc6 21.
Qxc6 Qxc6 22. Bxc6 Nb8 23. Bd5 dxe5 24. fxe5 Nd7 25. e6 fxe6 26. Bxe6+ Kh8 27. Bxg7+ Kxg7 28. Rc1 Ne5 29. h3 Re8 30. Rc7+ Kf6 31. Bd5 Re7 32.
Rc8 Rd7 33. Bb3 a5 34. bxa5 bxa5 35. Ra8 Nd3 36. Ra6+ Kg5 37. Rxa5+ Kf4 38. Kh2 h5 39. Ra4+ Kg5 40. Kg3 Ne5 41. Ra5 Rd3+ 42. Kf2 Kf4 43. Rd5 Rc3 44. Rd4+ Kf5 45. Ke2 g5 46. Kd2 Rg3 47.
Bc2+ Kf6 48. Be4 g4 49. hxg4 Rxg4 50. Kc3 Nf7 51. Bd5 Rg3+ 52. Kb4 Ne5 53. a4 Nd3+ 54. Kb5 Ke5 55. Kc4 Nb2+ 56. Kc5 Rc3+ 57. Bc4 Nxa4+ 58. Kb4 Kxd4 59. Bb5 Nc5 60. Bc4 Nd3+ 0-1

[Event "*** SCC Grand Prix: Titled Tuesday Blitz"]
[Site "Chess.com"]
[Date "2020.06.02"]
[Round "4"]
[White "Dr-Bassem"]
[Black "m_ezat"]
[Result "1-0"]
[WhiteElo "2800"]
[BlackElo "2546"]
[TimeControl "180+1"]
[EndTime "10:40:57 PDT"]
[Termination "Dr-Bassem won by checkmate"]

1. e4 c6 2. d4 d5 3. exd5 cxd5 4.
c4 Nf6 5. Nc3 g6 6. Qb3 Bg7 7.
cxd5 O-O 8. Be2 Nbd7 9. Bf3 Nb6 10. a4 a5 11. Nge2 Qd6 12. O-O Qb4 13. Ra3 Bf5 14. Bf4 Rfc8 15. h3 h6 16. Be5 Nc4 17. Na2 Qxb3 18. Rxb3 Nd2 19. Rxb7 Nxf1 20. Kxf1 Ne4 21. g4 Nd2+ 22. Kg2 Bd3 23. Nec3 Bf1+ 24. Kg3 Nxf3 25. Kxf3 Bxh3 26. Rxe7 Bf8 27. Rb7 Bf1 28. d6 Rcb8 29. Rxb8 Rxb8 30. d7 Rd8 31. Nd5 f5 32. Bc7 Bc4 33.
Nf6+ Kf7 34. Bxd8 Bxa2 35. Bxa5 Be7 36. d8=Q Bxd8 37. Bxd8 fxg4+ 38. Nxg4 Bb3 39. a5 Ke8 40. Bb6 g5 41. Nxh6 Kd7 42. Nf7 Ke6 43. Nxg5+ Kf5 44. Nh3 Bd5+ 45. Ke3 Kg4 46. Nf4 Bb7 47. d5 Kf5 48. b4 Kf6 49. Nd3 Ke7 50. Kd4 Kd6 51.
Bc5+ Kd7 52. Ne5+ Kc7 53. d6+ Kd8 54. Bb6+ Ke8 55. d7+ Ke7 56. d8=Q+ Ke6 57. Qd7+ Kf6 58. Qf7+ Kg5 59. Bd8+ Kh6 60. Ng4# 1-0

[Event "*** SCC Grand Prix: Titled Tuesday Blitz"]
[Site "Chess.com"]
[Date "2020.06.02"]
[Round "4"]
[White "malandragem"]
[Black "jb2mix"]
[Result "0-1"]
[WhiteElo "2476"]
[BlackElo "2712"]
[TimeControl "180+1"]
[EndTime "10:40:57 PDT"]
[Termination "jb2mix won by checkmate"]

1. a3 e5 2. e4 Nf6 3. Nc3 Nc6 4. Bc4 Nxe4 5. Nxe4 d5 6. Bd3 dxe4 7. Bxe4 Bc5 8.
d3 f5 9. Bxc6+ bxc6 10. Qh5+ g6 11. Qh6 Qf6 12. Bg5 Qf7 13. Nf3 Bd6 14. O-O Qf8 15. Rfe1 Qxh6 16. Bxh6 Kf7 17. Nxe5+ Kf6 18. f4 Bc5+ 19. Kh1 Rb8 20. Rab1 Rb6 21. c3 Re8 22. Bg5+ Kg7 23. b4 Bf8 24. Nc4 Rxe1+ 25. Rxe1 Rb8 26. Be7 Ba6 27. Bxf8+ Rxf8 28. Re7+ Kf6 29. Rxc7 Bxc4 30. dxc4 Rd8 31. h3 Rd6 32. c5 Re6 33. Rxa7 Re3 34. a4 Ke6 35. Rxh7 Rxc3 36. Rg7 Kf6 37. Rc7 Rc4 38.
Rxc6+ Kf7 39. Rb6 Rxf4 40. a5 Rf1+ 41. Kh2 f4 42. a6 Ra1 43. Rb7+ Ke6 44. a7 Ra2 45. b5 f3 46. b6 f2 47. a8=Q Rxa8 48. Ra7 Rf8 49. b7 f1=Q 50. Ra8 Qf4+ 51. Kh1 Qc1+ 52.
Kh2 Qf4+ 53. Kh1 Kd7 54. Rxf8 Qxf8 55. c6+ Kxc6 56. Kh2 Qb8+ 57. g3 Qxb7 58. Kg2 Kd5 59. h4 Ke5+ 60. Kh3 Qd7+ 61. Kg2 Qd1 62. g4 Qxg4+ 63.
Kh2 Qxh4+ 64. Kg2 Qf4 65. Kg1 Qd2 66. Kh1 Kf4 67. Kg1 Kf3 68. Kf1 Qf2# 0-1

[Event "*** SCC Grand Prix: Titled Tuesday Blitz"]
[Site "Chess.com"]
[Date "2020.06.02"]
[Round "4"]
[White "karinachess1"]
[Black "attack2mateU"]
[Result "0-1"]
[WhiteElo "2504"]
[BlackElo "2716"]
[TimeControl "180+1"]
[EndTime "10:40:57 PDT"]
[Termination "attack2mateU won by checkmate"]

1. e4 c5 2. Nf3 d6 3. d4 cxd4 4. Nxd4 Nf6 5. Nc3 a6 6. Be3 e5 7. Nf3 Be7 8. Bc4 O-O 9. O-O Be6 10. Bb3 Qc7 11. Bg5 Nbd7 12. Qe2 Rfc8 13. Rad1 b5 14. Rd2 Nb6 15. Bxf6 Bxf6 16. Rfd1 Be7 17. Ne1 Nc4 18.
Bxc4 Qxc4 19. Qe3 h6 20. Nf3 b4 21. Na4 Rab8 22. Nb6 Rxb6 23. Qxb6 Qxe4 24. Qxa6 Ra8 25.
Qd3 Qxd3 26. cxd3 Rxa2 27. Rc1 g5 28. h3 h5 29. Rc7 Bf6 30. Rb7 g4 31. hxg4 hxg4 32.
Nh2 Ra1+ 33. Nf1 b3 34. g3 Kg7 35. Rb5 Bg5 36. Re2 Rd1 37. Kg2 Rxd3 38. Ne3 Bxe3 39.
fxe3 Bd5+ 40. Kf2 Be4 41. Rb4 d5 42. Rb6 f6 43. Rb7+ Kg6 44. Rb6 Kf5 45. Rb5 Kg5 46.
Rb4 Bf3 47. Rb5 Bxe2 48. Kxe2 e4 49. Rb4 Kf5 50. Rb6 Ke5 51. Rb8 d4 52. Rb5+ Ke6 53.
exd4 Rxg3 54. Rb6+ Kf5 55. Rb5+ Kf4 56. d5 Rg2+ 57.
Kd1 Rxb2 58. d6 e3 59. Rd5 Rb1+ 60. Ke2 b2 61. d7 Re1+ 62. Kxe1 b1=Q+ 63. Rd1 Qb4+ 64. Ke2 Qb2+ 65. Kd3 Qb3+ 66. Ke2 Qc2+ 67. Ke1 Qf2# 0-1

[Event "*** SCC Grand Prix: Titled Tuesday Blitz"]
[Site "Chess.com"]
[Date "2020.06.02"]
[Round "4"]
[White "iaraldinho"]
[Black "MF1966Idrisov"]
[Result "1/2-1/2"]
[WhiteElo "2631"]
[BlackElo "2360"]
[TimeControl "180+1"]
[EndTime "10:40:57 PDT"]
[Termination "Game drawn by repetition"]

1. e4 d6 2. d4 Nf6 3. c3 Nc6 4. Bd3 e5 5. Nf3 Be7 6. O-O Bg4 7.
h3 Bh5 8. Be3 O-O 9. Nbd2 Bg6 10. Re1 Re8 11. Qb3 Rb8 12. Nh4 d5 13. Nxg6 hxg6 14. exd5 Nxd5 15. Be4 Nf6 16. Bxc6 bxc6 17. Qc2 exd4 18. Bxd4 c5 19. Be3 Qd5 20. c4 Qb7 21. b3 Bd6 22. Rad1 Re7 23. Bg5 Rbe8 24. Rxe7 Rxe7 25. Bxf6 gxf6 26. Qd3 Kg7 27. g3 Be5 28.
Nf3 Bd6 29. Qd5 Qa6 30. Rd2 Qa5 31. Kg2 Qc3 32. Qd3 Qa1 33. h4 Be5 34. Re2 Re6 35. h5 Qc3 36. Qd5 Bd4 37. Rxe6 fxe6 38. Qxe6 Qb2 39. Nxd4 Qxd4 40. Qe7+ Kh6 41. hxg6 Kxg6 42. Qe3 Qd6 43. Qe4+ Kg7 44. Qd5 Qb6 45. g4 Qa5 46. Qd7+ Kg6 47. Qf5+ Kg7 48. g5 fxg5 49. Qxg5+ Kf7 50.
Qf5+ Ke7 51. Qc2 Qb6 52. Qe2+ Kd7 53. Qd3+ Kc8 54. f4 Qf6 55. Kf3 Qh4 56. Ke4 Qe7+ 57. Kf3 Qh4 58. Qf5+ Kb7 59. Qe4+ Kb6 60. f5 Qh1+ 61.
Kf4 Qh4+ 62. Ke5 Qe7+ 63. Kf4 Qh4+ 64. Ke3 Qe1+ 65. Kd3 Qb1+ 66. Ke3 Qe1+ 67. Kf3 Qh1+ 68. Kf4 Qh4+ 1/2-1/2

[Event "*** SCC Grand Prix: Titled Tuesday Blitz"]
[Site "Chess.com"]
[Date "2020.06.02"]
[Round "4"]
[White "AnthonyWirig"]
[Black "woodhy"]
[Result "1-0"]
[WhiteElo "2706"]
[BlackElo "2452"]
[TimeControl "180+1"]
[EndTime "10:40:58 PDT"]
[Termination "AnthonyWirig won by checkmate"]

1. d4 Nf6 2. Bg5 Ne4 3. Bf4 c5 4. f3 Nf6 5. dxc5 Qa5+ 6. Qd2 Qxc5 7. e4 d6 8. Nc3 a6 9. Nge2 g6 10. O-O-O Nc6 11. Kb1 Bg7 12. Bh6 O-O 13. g4 Be6 14. Bxg7 Kxg7 15. Nf4 b5 16. g5 Nd7 17. h4 Nde5 18.
Be2 Nc4 19. Bxc4 Qxc4 20. h5 Ne5 21. Nxe6+ fxe6 22. f4 b4 23. Na4 Nf7 24. Nb6 Qxe4 25. Nxa8 Rxa8 26. h6+ Kg8 27. Rhe1 Qf5 28. Qxb4 Rc8 29. Re2 e5 30. fxe5 Nxe5 31. Qb3+ Qf7 32.
Qxf7+ Nxf7 33. Rf1 Nxg5 34. Rxe7 d5 35. b3 d4 36.
Rg7+ Kh8 37. Re1 d3 38. cxd3 Nf3 39. Ree7 Ng5 40. Rc7 Rd8 41. d4 Ne6 42. Rxh7+ Kg8 43. Rcd7 Rf8 44. Rhe7 Rf1+ 45. Kb2 Rf2+ 46. Ka3 Nf8 47.
Rg7+ Kh8 48. Rdf7 Rf5 49. Rxf5 gxf5 50. Rf7 Ne6 51. Rxf5 Nxd4 52. Rf7 Nb5+ 53. Kb4 Nd4 54. Rd7 Nc6+ 55. Kc5 Ne5 56. Re7 Nd3+ 57. Kb6 Nb4 58. Re2 Nd3 59. Kxa6 Nc1 60. Rc2 Nd3 61. Rc4 Ne5 62. Kb5 Kh7 63. a4 Kxh6 64. Rc5 Ng6 65. a5 Kg7 66. a6 Kg8 67. Rc6 Kh7 68. a7 Kg7 69. a8=Q Kh7 70. Qb7+ Kh8 71. Rc8+ Nf8 72.
Rxf8# 1-0